 Dungeon Crawl Stone Soup version 0.31-a0-177-g4aa6249778 (webtiles) character file.

Game seed: 12049342694003051025

5715 qw the Cleaver (level 10, -3/63 HPs)
             Began as a Gargoyle Fighter on June 18, 2023.
             Was a Believer of Okawaru.
             Slain by a two-headed ogre
             ... wielding a +0 giant spiked club
              (7 damage)
             ... on level 9 of the Dungeon.
             The game lasted 00:03:52 (6697 turns).

qw the Cleaver (Gargoyle Fighter)                   Turns: 6697, Time: 00:03:53

Health: -3/63      AC: 24    Str: 25    XL:     10   Next: 76%
Magic:  13/13      EV: 10    Int: 11    God:    Okawaru [**....]
Gold:   452        SH: 12    Dex:  9    Spells: 9/9 levels left

rFire   . . .        Y - +2 war axe
rCold   . . .        l - +0 kite shield
rNeg    + . .        t - +0 chain mail
rPois   inf          j - +0 helmet {Int+3}
rElec   +            p - +1 cloak
rCorr   +            o - +0 pair of gloves
SInv    .            (no boots)
Will    .....        r - amulet of regeneration Stlth
                     g - ring of resist corrosion
HPRegen 1.10/turn    (no ring)
MPRegen 0.13/turn

%: no passive effects
@: heroic, weakened
A: sickness immunity, AC +7, negative energy resistance 1, electricity
resistance, torment resistance 1, petrification resistance
a: Renounce Religion, Heroism


You were on level 9 of the Dungeon.
You worshipped Okawaru.
Okawaru was pleased with you.
You visited 2 branches of the dungeon, and saw 10 of its levels.

You collected 452 gold pieces.


Innate Abilities, Weirdness & Mutations

You are immune to sickness and miasma.
Your stone body is resilient. (AC +7)
You are immune to poison.
You resist negative energy. (rN+)
You are resistant to electric shocks. (rElec)
You are resistant to unholy torment.
You are immune to petrification.


   Skills:
 - Level 7.1(12.1) Fighting
 - Level 10.0(15.0) Axes
 - Level 2.0(7.0) Throwing
 + Level 5.1(10.1) Armour
 - Level 1.0(6.0) Dodging
 - Level 9.4(14.4) Shields
 - Level 4.0 Invocations


You had 9 spell levels left.
You didn't know any spells.
Your spell library was empty.

Inventory:

Hand Weapons
 c - a +0 morningstar
 Y - a +2 war axe (weapon)
Missiles
 h - 2 boomerangs (quivered)
Armour
 j - a +0 helmet of intelligence (worn)
 l - a +0 kite shield (worn)
 o - a +0 pair of gloves (worn)
 p - a +1 cloak (worn)
 t - a +0 chain mail (worn)
Jewellery
 g - a ring of resist corrosion (left hand)
 r - an amulet of regeneration (around neck)
Scrolls
 a - 6 scrolls of teleportation
 s - a scroll of identify
Potions
 b - 2 potions of cancellation
 d - 2 potions of might
 e - 2 potions of heal wounds
 f - a potion of mutation
 i - a potion of enlightenment {unknown}
 k - a potion of magic
 m - a potion of curing
 v - a potion of resistance

Dungeon Overview and Level Annotations

Branches:
Dungeon (9/15)             Temple (1/1) D:4
   Lair: D:8-11         Orc: D:9-12

Altars:
Ashenzari
Cheibriados
Dithmenos
Elyvilon
Fedhas
Gozag
Hepliaklqana
Kikubaaqudgha
Makhleb
Nemelex Xobeh
Okawaru
Qazlal
Ru
Sif Muna
Trog
Uskayaw
Vehumet
Wu Jian
Xom
Yredelemnul
Zin
The Shining One

Annotations:
D:3 2 transporters, qw's ghost, amateur NaHu
D:5 2 transporters, qw's ghost, novice GrHu


Message History

Your base Axes skill increases to level 10!
You hit the two-headed ogre but do no damage.
The two-headed ogre is lightly wounded.
You closely miss the troll. You slash the two-headed ogre!
The two-headed ogre is moderately wounded.
You hit the troll. You slash the troll! The two-headed ogre closely misses you.
You block the two-headed ogre's attack. The troll misses you.
You block the troll's attack. The troll claws you but does no damage.
The troll bites you but does no damage. The troll claws you but does no damage.
The troll claws you.
You slash the two-headed ogre!
The two-headed ogre is heavily wounded.
You closely miss the troll. You hit the troll. You hit the two-headed ogre.
The two-headed ogre is severely wounded.
You hit the troll. x2
You block the troll's attack. x2; The troll claws you but does no damage.
The troll bites you but does no damage. The troll claws you but does no damage.
You block the troll's attack. The two-headed ogre barely misses you.
The two-headed ogre hits you with a +0 giant club!
You hit the two-headed ogre.
The two-headed ogre is severely wounded.
You slash the troll! You hit the troll.
You block the troll's attack. x4; The troll claws you but does no damage. x2
You hit the two-headed ogre.
The two-headed ogre is severely wounded.
You hit the troll. x2
The two-headed ogre hits you but does no damage. x2
You block the troll's attack.
The troll claws you but does no damage. x2
The troll bites you but does no damage. The troll claws you but does no damage.
The troll completely misses you.
You hit the two-headed ogre but do no damage.
The two-headed ogre is severely wounded.
You barely miss the troll. You slash the troll! You block the troll's attack.
The troll claws you but does no damage. The troll claws you.
You block the troll's attack. x3
The two-headed ogre hits you with a +0 giant spiked club!
The two-headed ogre hits you with a +0 giant club!
You die...

#...........#..~....
.###.#.............)).#
.....#.................
...........#......#.## #.
#............#~#...
...####....####....######
.................#### #
.##.....##..........#####
#...#..T@##....####...<..
..# ####TO....## #####..
. .cT...## #......#
.............######
..###..##.# # ..# #... .
# ... .### ) ... .# #


You could see a two-headed ogre, 3 trolls and a centaur.

Vanquished Creatures
  Amaemon (D:9)
  An orange demon (D:9)
  A rime drake (D:9)
  A wyvern (D:9)
  2 steam dragons (D:8)
  2 water moccasins (D:7)
  An orc warrior (D:8)
  A sky beast (D:7)
  5 ice beasts
  3 black bears (D:6)
  2 wolves (D:9)
  3 ogres
  2 centaurs
  A kobold brigand (D:8)
  A gnoll sergeant (D:5)
  4 bullfrogs
  3 scorpions
  11 wights
  5 killer bees (D:8)
  2 jellies
  3 orc priests
  4 hounds
  2 gnoll boudas
  An iguana (D:4)
  3 sleepcaps (D:8)
  Natasha (thrice) (D:2)
  10 orc wizards
  19 gnolls
  6 adders
  6 white imps
  2 ufetubi
  6 worms
  3 dart slugs
  16 orcs
  5 endoplasms
  5 giant cockroaches
  13 goblins
  12 hobgoblins
  4 jackals (D:4)
  9 kobolds
  10 quokkas
  5 ball pythons
  4 bats
  2 frilled lizards
  8 rats
213 creatures vanquished.

Notes
Turn   | Place    | Note
-------+----------+-------------------------------------------
     0 | D:1      | qw the Gargoyle Fighter began the quest for the Orb.
     0 | D:1      | Reached XP level 1. HP: 14/14 MP: 1/1
     0 | D:1      | 0 ||| qw: Version: 0.3-a-7-ge0c9b40
     0 | D:1      | 0 ||| qw: Game counter: 805
     0 | D:1      | 0 ||| qw: Always use a shield: true
     0 | D:1      | 0 ||| qw: God list: Okawaru
     0 | D:1      | 0 ||| qw: Allow faded altars: false
     0 | D:1      | 0 ||| qw: Do Orc after D:15 true
     0 | D:1      | 0 ||| qw: Do second Lair branch before Depths: true
     0 | D:1      | 0 ||| qw: Lair rune preference: random
     0 | D:1      | 0 ||| qw: Plans: Normal, Zot:1-4, Slime:5, God:TSO, Crypt,
                  | Tomb, Abyss, Pan, Hells, Win
     0 | D:1      | 0 ||| PLANNING D:1-11
    46 | D:1      | Reached skill level 2 in Axes
    77 | D:1      | Reached XP level 2. HP: 15/19 MP: 2/2
   179 | D:1      | Reached skill level 3 in Axes
   180 | D:1      | Reached XP level 3. HP: 18/23 MP: 3/3
   520 | D:1      | 520 ||| UPGRADING to +1 hat.
   525 | D:1      | 525 ||| UPGRADING to ring of resist corrosion.
   526 | D:1      | 526 ||| READING 4 scrolls labelled SYOCRI DELU.
   529 | D:1      | 529 ||| READING scroll labelled TEUKHA AS DUE.
   530 | D:1      | 530 ||| READING scroll labelled CASAPE HACZEGI.
   531 | D:1      | 531 ||| READING scroll labelled EFFUENW VOXT.
   805 | D:2      | Noticed Natasha
   806 | D:2      | 806 ||| Stepping ~*~*~tactically~*~*~ (hiding).
   814 | D:2      | Killed Natasha
   815 | D:2      | Reached skill level 4 in Axes
   815 | D:2      | Reached XP level 4. HP: 17/28 MP: 4/4
   917 | D:2      | 917 ||| Stepping ~*~*~tactically~*~*~ (stealth).
  1029 | D:2      | Noticed Natasha
  1041 | D:2      | Killed Natasha
  1109 | D:2      | 1109 ||| Stepping ~*~*~tactically~*~*~ (water).
  1381 | D:2      | Noticed Natasha
  1382 | D:2      | 1382 ||| Stepping ~*~*~tactically~*~*~ (stealth).
  1384 | D:2      | 1384 ||| Stepping ~*~*~tactically~*~*~ (hiding).
  1395 | D:2      | Killed Natasha
  1396 | D:2      | Reached XP level 5. HP: 13/32 MP: 5/5
  1490 | D:2      | 1490 ||| DROPPING +0 club.
  1564 | D:2      | 1564 ||| UPGRADING to amulet of guardian spirit.
  1569 | D:2      | 1569 ||| READING scroll labelled UDDA XUOMEY.
  1658 | D:3      | 1658 ||| Stepping ~*~*~tactically~*~*~ (stealth).
  1661 | D:3      | 1661 ||| Stepping ~*~*~tactically~*~*~ (stealth).
  1670 | D:3      | 1670 ||| Stepping ~*~*~tactically~*~*~ (stealth).
  1682 | D:3      | Reached skill level 1 in Throwing
  1685 | D:3      | 1685 ||| DROPPING +0 whip.
  1691 | D:3      | 1691 ||| Stepping ~*~*~tactically~*~*~ (stealth).
  1730 | D:3      | 1730 ||| Stepping ~*~*~tactically~*~*~ (hiding).
  1731 | D:3      | 1731 ||| Stepping ~*~*~tactically~*~*~ (hiding).
  1732 | D:3      | 1732 ||| Stepping ~*~*~tactically~*~*~ (hiding).
  1734 | D:3      | 1734 ||| Stepping ~*~*~tactically~*~*~ (hiding).
  1844 | D:3      | 1844 ||| Stepping ~*~*~tactically~*~*~ (stealth).
  1857 | D:3      | Noticed qw's ghost (amateur NaHu)
  1858 | D:3      | Found a transporter.
  1895 | D:3      | Reached skill level 5 in Axes
  1917 | D:3      | Found a transporter.
  1924 | D:3      | 1924 ||| UPGRADING to +0 pair of gloves.
  1932 | D:3      | 1932 ||| UPGRADING to +1 cloak.
  1937 | D:3      | 1937 ||| UPGRADING to +0 chain mail.
  1947 | D:3      | 1947 ||| DROPPING +0 scale mail.
  1981 | D:3      | 1981 ||| Stepping ~*~*~tactically~*~*~ (stealth).
  1990 | D:3      | Reached XP level 6. HP: 38/38 MP: 6/6
  2000 | D:3      | HP: 7/38 [gnoll/+0 club (5)]
  2001 | D:3      | 2001 ||| READING 3 scrolls of teleportation.
  2093 | D:3      | 2093 ||| Stepping ~*~*~tactically~*~*~ (stealth).
  2094 | D:3      | 2094 ||| Stepping ~*~*~tactically~*~*~ (stealth).
  2095 | D:3      | 2095 ||| Stepping ~*~*~tactically~*~*~ (stealth).
  2096 | D:3      | 2096 ||| Stepping ~*~*~tactically~*~*~ (stealth).
  2097 | D:3      | 2097 ||| Stepping ~*~*~tactically~*~*~ (stealth).
  2111 | D:3      | 2111 ||| Stepping ~*~*~tactically~*~*~ (stealth).
  2112 | D:3      | 2112 ||| Stepping ~*~*~tactically~*~*~ (stealth).
  2113 | D:3      | 2113 ||| Stepping ~*~*~tactically~*~*~ (stealth).
  2114 | D:3      | 2114 ||| Stepping ~*~*~tactically~*~*~ (stealth).
  2206 | D:3      | Found a radiant altar of Vehumet.
  2213 | D:3      | Found a white marble altar of Elyvilon.
  2260 | D:3      | 2260 ||| READING scroll labelled VIWEP ROGE.
  2261 | D:3      | 2261 ||| DRINKING 2 pink potions.
  2366 | D:3      | 2366 ||| DRINKING 2 coppery potions.
  2367 | D:3      | 2367 ||| READING 2 scrolls of identify.
  2367 | D:3      | 2367 ||| IDENTIFYING sedimented amethyst potion
  2368 | D:3      | 2368 ||| DROPPING potion of berserk rage.
  2369 | D:3      | 2369 ||| DROPPING potion of invisibility.
  2386 | D:4      | 2386 ||| PLANNING SEWER
  2390 | D:4      | Found a staircase to the Ecumenical Temple.
  2397 | D:4      | 2397 ||| Stepping ~*~*~tactically~*~*~ (stealth).
  2398 | D:4      | 2398 ||| Stepping ~*~*~tactically~*~*~ (stealth).
  2457 | D:4      | 2457 ||| Stepping ~*~*~tactically~*~*~ (stealth).
  2523 | D:4      | 2523 ||| Stepping ~*~*~tactically~*~*~ (hiding).
  2735 | D:4      | 2735 ||| Stepping ~*~*~tactically~*~*~ (stealth).
  2741 | D:4      | 2741 ||| Stepping ~*~*~tactically~*~*~ (stealth).
  2745 | D:4      | Reached skill level 6 in Axes
  2745 | D:4      | Reached XP level 7. HP: 41/43 MP: 5/7
  2755 | D:4      | Reached skill level 1 in Dodging
  2967 | D:4      | 2967 ||| RIP SEWER
  3031 | D:4      | 3031 ||| PLANNING TEMPLE
  3058 | D:4      | 3058 ||| READING scroll labelled SOQ YNTOZXEVY.
  3059 | D:4      | 3059 ||| READING 2 scrolls of identify.
  3059 | D:4      | 3059 ||| IDENTIFYING fuming red potion
  3068 | Temple   | Entered the Ecumenical Temple
  3070 | Temple   | 3070 ||| PLANNING OKAWARU WORSHIP
  3284 | Temple   | Became a worshipper of Warmaster Okawaru
  3285 | Temple   | 3285 ||| PLANNING D:1-11
  3285 | Temple   | 3285 ||| REMOVING amulet of guardian spirit.
  3379 | D:4      | 3379 ||| Stepping ~*~*~tactically~*~*~ (water).
  3442 | D:4      | 3442 ||| Stepping ~*~*~tactically~*~*~ (hiding).
  3449 | D:4      | 3449 ||| Stepping ~*~*~tactically~*~*~ (hiding).
  3767 | D:4      | 3767 ||| DROPPING amulet of guardian spirit.
  3768 | D:4      | 3768 ||| UPGRADING to amulet of regeneration.
  3773 | D:4      | 3773 ||| DROPPING ring of flight.
  3794 | D:5      | Entered Level 5 of the Dungeon
  3826 | D:5      | HP: 10/43 [gnoll sergeant/+6 spear (4)]
  3827 | D:5      | 3827 ||| READING 2 scrolls of teleportation.
  3831 | D:5      | Reached skill level 7 in Axes
  3975 | D:5      | Found a transporter.
  3991 | D:5      | Reached XP level 8. HP: 49/49 MP: 8/8
  4012 | D:5      | 4012 ||| Stepping ~*~*~tactically~*~*~ (hiding).
  4013 | D:5      | 4013 ||| Stepping ~*~*~tactically~*~*~ (hiding).
  4014 | D:5      | 4014 ||| Stepping ~*~*~tactically~*~*~ (hiding).
  4015 | D:5      | 4015 ||| Stepping ~*~*~tactically~*~*~ (hiding).
  4128 | D:5      | 4128 ||| Stepping ~*~*~tactically~*~*~ (stealth).
  4144 | D:5      | Reached * piety under Okawaru
  4160 | D:5      | 4160 ||| READING scroll of enchant weapon.
  4160 | D:5      | 4160 ||| ENCHANTING +1 war axe.
  4185 | D:5      | Reached skill level 1 in Invocations
  4207 | D:5      | Found a transporter.
  4207 | D:5      | Noticed qw's ghost (novice GrHu)
  4317 | D:5      | 4317 ||| INVOKING Heroism.
  4334 | D:5      | 4334 ||| Stepping ~*~*~tactically~*~*~ (stealth).
  4625 | D:5      | 4625 ||| UPGRADING to +0 helmet of intelligence.
  4635 | D:5      | 4635 ||| DROPPING +1 hat.
  4636 | D:5      | 4636 ||| UPGRADING to +0 kite shield.
  4646 | D:5      | 4646 ||| DROPPING +0 buckler.
  4647 | D:5      | 4647 ||| READING scroll labelled FYCISI TAWKENN.
  4648 | D:5      | 4648 ||| DRINKING 2 purple potions.
  4649 | D:5      | 4649 ||| DRINKING 2 glowing blue potions.
  4650 | D:5      | 4650 ||| READING 3 scrolls of identify.
  4650 | D:5      | 4650 ||| IDENTIFYING red potion
  4651 | D:5      | 4651 ||| READING 2 scrolls of identify.
  4651 | D:5      | 4651 ||| IDENTIFYING yellow potion
  4652 | D:5      | 4652 ||| DROPPING potion of degeneration.
  4729 | D:6      | 4729 ||| Stepping ~*~*~tactically~*~*~ (hiding).
  4738 | D:6      | Reached skill level 3 in Invocations
  4744 | D:6      | 4744 ||| Stepping ~*~*~tactically~*~*~ (stealth).
  4750 | D:6      | 4750 ||| INVOKING Heroism.
  4792 | D:6      | 4792 ||| DROPPING +0 flail.
  4831 | D:6      | 4831 ||| INVOKING Heroism.
  4929 | D:6      | Reached XP level 9. HP: 54/54 MP: 12/12
  4955 | D:6      | 4955 ||| Stepping ~*~*~tactically~*~*~ (hiding).
  4974 | D:6      | 4974 ||| INVOKING Heroism.
  4976 | D:6      | Reached skill level 6 in Shields
  5084 | D:6      | 5084 ||| INVOKING Heroism.
  5214 | D:6      | 5214 ||| INVOKING Heroism.
  5314 | D:6      | 5314 ||| Stepping ~*~*~tactically~*~*~ (hiding).
  5316 | D:6      | 5316 ||| INVOKING Heroism.
  5469 | D:6      | 5469 ||| READING scroll labelled CYER WEKINUFA.
  5470 | D:6      | 5470 ||| DRINKING 2 lumpy black potions.
  5471 | D:6      | 5471 ||| DROPPING potion of brilliance.
  5511 | D:7      | 5511 ||| INVOKING Heroism.
  5555 | D:7      | 5555 ||| Stepping ~*~*~tactically~*~*~ (hiding).
  5556 | D:7      | 5556 ||| Stepping ~*~*~tactically~*~*~ (hiding).
  5565 | D:7      | Reached skill level 8 in Axes
  5622 | D:7      | 5622 ||| INVOKING Heroism.
  5625 | D:7      | Reached skill level 6 in Fighting
  5807 | D:7      | 5807 ||| Stepping ~*~*~tactically~*~*~ (stealth).
  5808 | D:7      | 5808 ||| INVOKING Heroism.
  5879 | D:7      | 5879 ||| Stepping ~*~*~tactically~*~*~ (hiding).
  5902 | D:7      | 5902 ||| FLEEEEING.
  6063 | D:7      | 6063 ||| DROPPING amulet of the acrobat.
  6064 | D:7      | 6064 ||| READING scroll labelled CIJEBO DONEFE.
  6092 | D:8      | 6092 ||| Stepping ~*~*~tactically~*~*~ (hiding).
  6100 | D:8      | 6100 ||| DRINKING 2 potions of curing.
  6100 | D:8      | 6100 ||| (to cure confusion)
  6111 | D:8      | 6111 ||| INVOKING Heroism.
  6126 | D:8      | Reached skill level 9 in Axes
  6127 | D:8      | Reached ** piety under Okawaru
  6170 | D:8      | Reached XP level 10. HP: 60/60 MP: 13/13
  6177 | D:8      | 6177 ||| Stepping ~*~*~tactically~*~*~ (stealth).
  6278 | D:8      | 6278 ||| Stepping ~*~*~tactically~*~*~ (stealth).
  6284 | D:8      | 6284 ||| INVOKING Heroism.
  6293 | D:8      | 6293 ||| Stepping ~*~*~tactically~*~*~ (cloud).
  6367 | D:8      | 6367 ||| INVOKING Heroism.
  6422 | D:8      | 6422 ||| INVOKING Heroism.
  6430 | D:8      | 6430 ||| Stepping ~*~*~tactically~*~*~ (cloud).
  6431 | D:8      | 6431 ||| Stepping ~*~*~tactically~*~*~ (cloud).
  6433 | D:8      | 6433 ||| Stepping ~*~*~tactically~*~*~ (cloud).
  6579 | D:8      | 6579 ||| READING 2 scrolls of identify.
  6579 | D:8      | 6579 ||| IDENTIFYING blue potion
  6598 | D:9      | Found Nobb's Jewellery Emporium.
  6622 | D:9      | 6622 ||| INVOKING Heroism.
  6637 | D:9      | Reached skill level 9 in Shields
  6667 | D:9      | Noticed an orange demon
  6667 | D:9      | Noticed Amaemon
  6668 | D:9      | 6668 ||| Stepping ~*~*~tactically~*~*~ (hiding).
  6672 | D:9      | 6672 ||| INVOKING Heroism.
  6673 | D:9      | Noticed a two-headed ogre
  6689 | D:9      | Killed Amaemon
  6690 | D:9      | Killed an orange demon
  6691 | D:9      | Reached skill level 10 in Axes
  6697 | D:9      | HP: 4/63 [two-headed ogre/+0 giant spiked club (13)]
  6697 | D:9      | Slain by a two-headed ogre

Levels and vault maps discovered:
D:1:      spicycebolla_arrival_clurvy, layout_rooms
D:2:      layout_basic, chequers_serial_rivers_micro_a, uniq_natasha
D:3:      layout_basic, grunt_temple_overflow_open, gammafunk_ghost_arena
D:4:      layout_cave_pods, minmay_temple_entry_junction_2,
          cheibrodos_sewer_entry_bend, minivault_23
D:5:      layout_loops_ring, gammafunk_ghost_mausoleum
D:6:      layout_basic, minmay_misc_feat_rugged
D:7:      layout_basic, serial_glass, glass_columns_b, glass_columns_a
D:8:      layout_rooms, kennysheep_generic_room_8
D:9:      layout_rooms, hellmonk_lair_entry_icy, serial_shops, shop,
          uniq_maggie, uniq_amaemon
Temple:   nicolae_temple_bog_church

Skill      XL: |  1  2  3  4  5  6  7  8  9 10 |
---------------+-------------------------------+-----
Axes           | 2 3 4 5 6 7 9 10 | 10.0
Throwing       | 1 2 |  2.0
Fighting       | 4 5 6 7 |  7.1
Dodging        | 1 |  1.0
Invocations    | 4 |  4.0
Shields        | 5 8 9 |  9.4
Armour         | 4 5 |  5.1

Action                     |  1- 3 |  4- 6 |  7- 9 | 10-12 || total
---------------------------+-------+-------+-------+-------++-------
  Melee: War axe           |   110 |   141 |   272 |   104 ||   627
  Throw: Boomerang         |       |    30 |    56 |    14 ||   100
         Javelin           |       |    34 |    26 |     4 ||    64
 Invoke: Heroism           |       |       |    11 |     5 ||    16
    Use: Scroll            |     4 |     4 |     9 |     1 ||    18
         Potion            |       |     2 |     4 |       ||     6
 Armour: Scale mail        |    65 |    37 |       |       ||   102
         Chain mail        |       |    39 |   190 |    88 ||   317
  Dodge: Dodged            |    57 |    76 |   117 |    41 ||   291
  Block: Buckler           |    17 |    24 |    24 |       ||    65
         Kite shield       |       |       |    85 |    85 ||   170

Table legend:
 A = Non-vault XP
 B = Vault XP
 C = Vault XP percentage of total XP
 D = Non-vault monster count
 E = Vault monster count
 F = Vault count percentage of total count
                 A         B        C        D         E       F
            +---------+---------+-------+---------+---------+-------
      Total |    5606 |    2559 |  31.3 |     199 |      14 |   6.6
            +---------+---------+-------+---------+---------+-------
        D:1 |      52 |       0 |   0.0 |      29 |       0 |   0.0
        D:2 |     123 |      33 |  21.2 |      19 |       1 |   5.0
        D:3 |     207 |       0 |   0.0 |      25 |       0 |   0.0
        D:4 |     425 |      10 |   2.3 |      31 |       2 |   6.1
        D:5 |     849 |       0 |   0.0 |      23 |       0 |   0.0
        D:6 |    1264 |       0 |   0.0 |      22 |       0 |   0.0
        D:7 |    1095 |       0 |   0.0 |      17 |       0 |   0.0
        D:8 |    1263 |     173 |  12.0 |      27 |       2 |   6.9
        D:9 |     328 |    2343 |  87.7 |       6 |       9 |  60.0
            +---------+---------+-------+---------+---------+-------
